AoeStats
← [DasRotePferd] Melkfett Jizzus

Oasis

509113646Analyzed
2v2 RM · 8d ago on Sep 25, 2026· 23m 38s· 4 players
Game mode
Random Map
Map size
Medium (4 player)
Population
200
Speed
Normal
Resources
Standard
Victory
Conquest
Starting age
Dark Age
Ending age
Imperial Age
RankedLock teamsTeams togetherTeam positionsShared explorationLock speedFull tech treeHidden civsTurbo modeCheats
Victory
Defeat
🇩🇪 Danes · Germany
889
+12
772
+16
🇨🇳 Japanese · China
817
-15
🇺🇸 Teutons · United States
753
-29
JmNzhl
11:26 Feudal Age
14:45 Wheelbarrow
15:05 Double-Bit Axe
15:04 Horse Collar
20:28 Castle Age
20:01 Scale Barding Armor
20:12 Forging
22:19 Bow Saw
Sergeant Mybikini
13:09 Feudal Age
21:02 Loom
[DasRotePferd] Sintho
5:20 Loom
5:42 Loom
10:11 Feudal Age
10:12 Man-at-Arms
12:06 Wheelbarrow
11:29 Double-Bit Axe
13:34 Scale Mail Armor
15:31 Forging
16:46 Arson
16:50 Town Watch
21:55 Castle Age
20:00 Fletching
20:47 Padded Archer Armor
22:17 Long Swordsman
22:48 Gambesons
23:06 Squires
23:58 Iron Casting
[DasRotePferd] Melkfett Jizzus
5:03 Double-Bit Axe
7:12 Loom
12:58 Wheelbarrow
15:02 Feudal Age
15:58 Horse Collar
16:46 Bow Saw
16:40 Heavy Plow
20:13 Stone Mining
21:41 Stone Shaft Mining
21:54 Hand Cart
22:26 Gold Mining
Connection lost

Rejoining the realm…

Still unreachable

The connection could not be restored.

Session expired

The server has moved on; the page needs a fresh start.